Map: Port Aleksander LE

Players

Namshar

  • Race: Zerg Zerg
  • Spawn Location: 11:00

Probe - Winner!

  • Race: Protoss Protoss
  • Spawn Location: 5:00

Event: 2019 WCS Spring

VOD

Have the link to the VOD?

Description

Time

  • Played on: May 18, 2019, 10:38 a.m.
  • Length: 44:10

All games in this series

Show
View Real Time Build Order
Export as new Build Order

Namshar Zerg 

Build Orders: Hatch First, Lurkers 

Get SALT Encoding   

  12  0:00  Drone  
  13  0:12  Overlord  
  13  0:18  Drone  
  14  0:31  Drone x2  
  16  0:49  Hatchery  
  15  0:52  Drone  
  15  0:56  Drone  
  17  0:59  Drone  
  18  1:11  Extractor  
  18  1:16  Spawning Pool  
  16  1:19  Drone  
  16  1:25  Drone  
  18  1:32  Drone  
  19  1:41  Drone  
  20  1:51  Drone  
  21  2:02  Queen  
  21  2:03  Queen  
  21  2:04  Zergling x2  
  21  2:06  Overlord  
  26  2:12  Drone x2  
  28  2:17  Metabolic Boost  
  28  2:25  Drone x2  
  30  2:33  Drone  
  30  2:34  Drone  
  32  2:47  Hatchery  
  31  2:53  Pneumatized Carapace  
  31  2:56  Overlord  
  31  2:58  Drone  
  31  3:00  Drone  
  31  3:04  Drone  
  31  3:05  Drone  
  35  3:11  Overlord  
  35  3:12  Drone  
  36  3:15  Drone  
  36  3:16  Drone  
  36  3:18  Drone  
  39  3:21  Drone  
  39  3:22  Drone  
  39  3:25  Drone  
  42  3:30  Queen  
  44  3:35  Overlord  
  44  3:38  Drone  
  44  3:39  Drone  
  46  3:49  Spore Crawler  
  46  3:50  Spore Crawler, Drone  
  46  3:54  Drone x5  
  50  4:05  Queen  
  52  4:11  Drone  
  52  4:12  Drone x3  
  52  4:13  Queen  
  58  4:21  Overlord x2  
  58  4:22  Drone x2  
  58  4:24  Drone x2  
  61  4:25  Spore Crawler  
  61  4:26  Drone  
  61  4:30  Overlord  
  62  4:32  Overlord  
  62  4:35  Drone x2  
  64  4:41  Queen  
  63  4:47  Drone x7  
  68  4:53  Lair  
  68  4:59  Roach Warren  
  67  5:00  Extractor  
  67  5:03  Evolution Chamber, Extractor  
  67  5:04  Zergling x8  
  68  5:08  Zergling x6  
  68  5:11  Zergling x6  
  74  5:20  Overlord  
  74  5:23  Drone x2  
  74  5:25  Drone x3  
  79  5:30  Overlord  
  79  5:31  Drone x6  
  79  5:33  Zerg Missile Weapons Level 1  
  85  5:36  Extractor  
  85  5:40  Overlord, Drone  
  85  5:43  Extractor  
  85  5:46  Drone  
  82  5:52  Drone  
  82  5:53  Drone x7  
  85  6:06  Drone x5  
  90  6:15  Extractor  
  90  6:16  Glial Reconstitution  
  89  6:18  Hydralisk Den  
  89  6:19  Hatchery  
  89  6:24  Drone  
  88  6:27  Overseer  
  88  6:30  Overlord, Drone  
  88  6:31  Spore Crawler, Overlord  
  88  6:37  Roach x7  
  102  6:43  Overlord x2  
  102  6:48  Grooved Spines  
  102  6:50  Lurker Den  
  102  6:53  Drone  
  102  6:54  Drone x2  
  99  6:59  Drone  
  99  7:00  Drone x6  
  106  7:09  Overlord  
  106  7:12  Drone x6  
  112  7:21  Hydralisk x4  
  112  7:22  Hydralisk  
  122  7:31  Hydralisk x5  
  130  7:38  Hydralisk  
  130  7:39  Hydralisk  
  134  7:47  Hydralisk x7  
  148  7:56  Overlord x2, Extractor  
  148  7:57  Overlord  
  146  7:59  Muscular Augments  
  146  8:02  Hydralisk x3, Drone x3  
  155  8:13  Hydralisk x2  
  159  8:21  Hydralisk  
  159  8:22  Hydralisk x7  
  175  8:34  Hydralisk  
  175  8:35  Hydralisk x3  
  183  8:43  Overlord x3  
  183  8:44  Zerg Missile Weapons Level 2  
  183  8:50  Infestation Pit  
  183  8:52  Spine Crawler  
  183  8:53  Spine Crawler  
  183  8:54  Drone  
  181  8:56  Spine Crawler  
  181  8:57  Hatchery, Spine Crawler  
  178  9:15  Drone  
  178  9:16  Extractor, Drone x2  
  179  9:26  Hydralisk  
  179  9:27  Zergling x24  
  186  9:31  Hydralisk  
  186  9:32  Zergling x16  
  188  9:38  Hydralisk  
  188  9:39  Zergling x4  
  168  9:52  Hydralisk x11  
  175  10:16  Hydralisk  
  175  10:17  Hydralisk x11  
  176  10:26  Hydralisk x5  
  152  10:40  Hive  
  152  10:41  Spire  
  152  10:42  Lurker x2  
  151  10:43  Lurker  
  151  10:45  Roach x3  
  151  10:49  Roach x3  
  164  10:53  Roach x3  
  170  10:59  Roach x4  
  178  11:08  Overseer  
  178  11:17  Drone, Zerg Ground Armor Level 1  
  179  11:20  Evolution Chamber  
  179  11:23  Drone x5  
  179  11:24  Drone  
  184  11:29  Extractor  
  184  11:31  Extractor  
  184  11:32  Spore Crawler, Spine Crawler  
  180  11:36  Lurker  
  180  11:37  Lurker x3  
  180  11:56  Greater Spire  
  180  12:01  Drone x3  
  183  12:07  Lurker x3  
  186  12:13  Hydralisk  
  186  12:14  Hydralisk x8  
  172  12:25  Hydralisk x3  
  172  12:26  Hydralisk x3  
  170  12:30  Zergling x16  
  170  12:31  Zergling x8  
  180  12:37  Adaptive Talons  
  180  12:40  Corruptor x2  
  182  12:52  Hydralisk  
  182  12:53  Zergling x12  
  186  13:05  Corruptor  
  188  13:10  Corruptor  
  188  13:11  Zerg Missile Weapons Level 3  
  190  13:13  Hatchery  
  189  13:26  Brood Lord x2  
  191  13:33  Corruptor x3  
  189  13:43  Brood Lord x2  
  184  13:54  Hydralisk x7  
  184  13:55  Hydralisk  
  135  14:00  Hydralisk  
  135  14:01  Zergling x4  
  139  14:15  Brood Lord  
  139  14:16  Brood Lord  
  143  14:19  Brood Lord  
  145  14:24  Drone x2  
  145  14:25  Drone x3  
  145  14:30  Hydralisk, Zergling x2  
  145  14:31  Zergling x10  
  145  14:56  Hydralisk x3  
  145  14:57  Hydralisk x6  
  151  15:05  Queen  
  149  15:10  Pathogen Glands  
  149  15:18  Lurker x2  
  149  15:20  Lurker x2  
  153  15:23  Hatchery  
  153  15:24  Overseer  
  153  15:25  Overseer  
  150  15:48  Hydralisk x9  
  153  15:57  Hydralisk, Zergling x2  
  153  15:58  Zergling x12  
  160  16:04  Drone  
  160  16:05  Drone x4  
  162  16:23  Infestor x5  
  171  16:35  Infestor x3  
  177  16:41  Extractor  
  177  16:43  Extractor, Infestor  
  177  16:47  Drone x4  
  177  16:53  Infestor  
  183  17:03  Spawning Pool, Drone  
  183  17:04  Infestor x2  
  187  17:28  Overseer  
  185  17:30  Corruptor x2  
  189  17:37  Overlord  
  189  17:38  Overlord  
  189  17:47  Zerg Flyer Weapons Level 1  
  189  17:48  Zerg Ground Armor Level 2  
  189  17:56  Spore Crawler x2  
  189  17:57  Spore Crawler  
  186  17:59  Drone x11  
  186  18:00  Spore Crawler  
  186  18:02  Spore Crawler  
  195  18:12  Infestor x3  
  186  18:13  Infestor  
  186  18:14  Infestor  
  196  18:26  Drone x3  
  198  18:43  Hatchery  
  198  18:47  Infestor  
  186  19:08  Spore Crawler x2  
  186  19:09  Spore Crawler  
  181  19:15  Hatchery  
  180  19:25  Infestor x4  
  180  19:30  Hatchery  
  184  19:40  Extractor  
  184  19:41  Spine Crawler  
  184  19:43  Spore Crawler  
  181  19:48  Zerg Flyer Weapons Level 2, Overseer x2  
  181  19:58  Extractor  
  181  19:59  Extractor  
  179  20:16  Infestor x2, Spine Crawler x2  
  179  20:17  Spine Crawler  
  178  20:42  Spore Crawler  
  177  20:46  Spore Crawler x2  
  177  20:47  Spore Crawler  
  177  20:49  Spore Crawler, Brood Lord x2  
  179  21:06  Queen  
  179  21:07  Queen  
  166  21:41  Hatchery  
  163  21:48  Drone x4  
  163  21:49  Drone x2  
  163  21:53  Overseer x2  
  169  21:56  Infestor x4  
  168  22:49  Spore Crawler x4  
  168  22:50  Hatchery  
  168  22:51  Spore Crawler  
  162  22:53  Lair  
  162  22:56  Spire  
  162  22:57  Spire  
  160  23:01  Overlord x3  
  158  23:05  Queen  
  161  23:20  Drone x2  
  162  23:27  Hatchery  
  160  23:49  Drone x3  
  152  24:11  Infestor x2  
  152  24:16  Drone x4  
  152  24:17  Drone x5  
  162  24:18  Drone x4  
  162  24:19  Drone  
  170  24:35  Spore Crawler, Drone x2  
  170  24:36  Spore Crawler x3, Drone x4  
  170  24:38  Spore Crawler x2, Spine Crawler  
  170  24:42  Greater Spire  
  169  24:48  Hatchery  
  169  24:49  Overseer  
  169  24:50  Drone  
  169  24:53  Drone x3  
  172  25:04  Corruptor  
  172  25:05  Corruptor  
  171  25:23  Drone x3  
  174  25:33  Overseer  
  174  25:37  Infestation Pit, Drone x2  
  175  25:56  Drone x2  
  175  25:57  Drone x4  
  178  26:01  Drone x2  
  178  26:02  Spawning Pool  
  182  26:09  Corruptor x3  
  188  26:11  Zerg Flyer Armor Level 1, Zerg Flyer Weapons Level 3  
  188  26:13  Neural Parasite  
  188  26:17  Burrow  
  186  26:40  Overseer  
  186  26:44  Hydralisk Den  
  186  26:45  Hatchery  
  182  27:01  Brood Lord x2  
  186  27:21  Drone x4  
  190  27:38  Infestor x3  
  190  27:41  Corruptor x2  
  200  27:53  Spore Crawler  
  199  28:14  Spore Crawler  
  198  28:30  Spore Crawler  
  198  28:31  Spore Crawler x2  
  198  28:32  Spore Crawler  
  198  28:33  Spore Crawler  
  198  28:34  Spore Crawler x2  
  192  28:35  Spore Crawler  
  192  28:36  Spore Crawler  
  192  28:39  Overseer  
  189  28:44  Spore Crawler, Hatchery  
  189  28:45  Spore Crawler  
  189  28:46  Spore Crawler  
  185  28:52  Overseer  
  185  28:53  Overseer  
  185  28:58  Zerg Flyer Armor Level 2  
  185  29:01  Drone x2  
  187  29:04  Spore Crawler x2  
  187  29:09  Corruptor x3  
  187  29:12  Corruptor x2  
  187  29:13  Brood Lord  
  195  29:34  Brood Lord  
  195  29:35  Corruptor  
  195  29:37  Drone  
  200  29:49  Extractor x2  
  198  30:01  Drone x2  
  196  30:31  Drone  
  196  30:32  Drone, Spire x2  
  196  30:34  Spore Crawler x4  
  192  30:35  Spore Crawler  
  192  30:36  Spore Crawler x2  
  189  30:45  Spore Crawler x2  
  189  30:47  Spore Crawler  
  186  30:50  Queen x4  
  194  31:03  Spine Crawler  
  193  31:04  Spine Crawler  
  193  31:05  Spine Crawler x2  
  190  31:12  Drone x3  
  190  31:13  Drone x7  
  200  31:39  Overseer  
  201  31:59  Spore Crawler  
  194  32:36  Hydralisk x3  
  196  32:40  Overlord  
  196  32:42  Zerg Flyer Armor Level 3  
  186  32:55  Hatchery  
  178  33:05  Drone x2  
  178  33:06  Drone x13  
  192  33:27  Hydralisk  
  192  33:28  Zergling x16  
  190  33:49  Hatchery  
  189  34:02  Hydralisk x5  
  199  34:13  Overseer  
  199  34:21  Overseer  
  199  34:23  Hydralisk x2  
  199  34:24  Hydralisk x2  
  197  34:34  Hatchery  
  196  34:59  Hydralisk  
  196  35:00  Zergling x4  
  169  36:27  Overseer  
  154  36:56  Hydralisk x5  
  154  36:57  Hydralisk  
  154  36:58  Infestor x2  
  154  36:59  Infestor x2  
  154  37:00  Infestor  
  154  37:01  Viper  
  179  37:17  Hydralisk  
  179  37:18  Hydralisk x4  
  185  37:30  Hydralisk  
  185  37:31  Zergling x8  
  189  37:38  Queen x2  
  193  37:44  Hydralisk x2  
  193  37:45  Hydralisk  
  171  37:59  Hydralisk x7  
  127  38:29  Corruptor x2  
  127  38:30  Corruptor x10  
  147  38:41  Corruptor x3  
  147  38:42  Corruptor  
  155  38:54  Corruptor x2  
  155  38:55  Corruptor x2  
  163  39:09  Corruptor x2  
  145  39:40  Corruptor  
  145  39:41  Corruptor x3  
  147  39:46  Corruptor  
  113  40:14  Hydralisk x4  
  101  40:39  Hydralisk x4  
  107  41:01  Greater Spire  
  107  41:05  Hydralisk x3  
  113  41:15  Infestor x2  
  117  41:22  Infestor  
  119  41:35  Infestor  
  119  41:39  Infestor  
  121  42:14  Brood Lord x2  
  125  42:24  Brood Lord  
Show
View Real Time Build Order
Export as new Build Order

Probe Protoss - Winner!

Build Orders: 1 Gate Expand, Oracle Opening, Carriers, Chargelot Immortal 

Get SALT Encoding   

  12  0:00  Probe  
  13  0:12  Probe  
  14  0:20  Pylon  
  14  0:24  Probe  
  15  0:34  Probe  
  15  0:39  Gateway  
  15  0:42  Probe  
  16  0:48  Assimilator  
  17  0:53  Probe  
  18  1:05  Probe  
  19  1:17  Probe  
  20  1:18  Pylon  
  20  1:29  Nexus  
  20  1:38  Cybernetics Core  
  20  1:40  Probe  
  21  1:48  Assimilator  
  21  1:52  Probe  
  22  1:57  Pylon  
  22  2:04  Probe  
  22  2:05  Adept  
  23  2:12  Probe  
  25  2:20  Probe  
  26  2:23  Stargate  
  27  2:30  Probe  
  27  2:35  Stalker  
  30  2:38  Probe  
  30  2:42  Warp Gate  
  30  2:43  Probe  
  32  2:46  Probe  
  33  2:55  Probe  
  33  2:56  Probe  
  34  3:00  Oracle  
  35  3:07  Probe  
  35  3:08  Probe  
  40  3:15  Pylon  
  40  3:19  Probe  
  41  3:20  Probe  
  42  3:30  Assimilator  
  42  3:31  Probe  
  42  3:32  Assimilator, Probe  
  44  3:37  Oracle  
  47  3:43  Probe, Gateway  
  47  3:44  Probe  
  49  3:49  Pylon  
  49  3:55  Probe  
  50  3:56  Probe  
  51  4:03  Robotics Facility  
  51  4:05  Oracle  
  51  4:07  Probe  
  51  4:09  Probe  
  53  4:14  Pylon  
  56  4:19  Probe  
  56  4:21  Probe  
  58  4:31  Probe  
  58  4:33  Probe  
  58  4:37  Adept x2  
  64  4:42  Oracle  
  64  4:44  Probe  
  64  4:45  Probe  
  69  4:52  Nexus  
  69  4:54  Pylon  
  69  4:56  Probe  
  69  4:58  Probe  
  69  5:00  Observer  
  69  5:04  Twilight Council  
  69  5:06  Forge  
  69  5:08  Probe, Pylon  
  69  5:13  Sentry x2  
  74  5:14  Probe  
  74  5:17  Immortal  
  74  5:18  Shield Battery  
  74  5:20  Probe  
  76  5:22  Pylon  
  76  5:27  Probe  
  77  5:32  Probe  
  82  5:41  Charge  
  82  5:43  Adept x2  
  86  5:53  Protoss Ground Weapons Level 1  
  86  5:55  Immortal  
  90  6:04  Gateway  
  90  6:06  Gateway  
  90  6:07  Probe  
  90  6:09  Gateway  
  91  6:14  Probe x2  
  93  6:19  Probe, Templar Archives  
  94  6:26  Probe x2  
  94  6:29  Gateway  
  94  6:31  Gateway  
  96  6:33  Probe  
  96  6:34  Gateway  
  96  6:36  Immortal  
  96  6:38  Probe  
  96  6:39  Assimilator  
  98  6:40  Pylon  
  98  6:41  Assimilator  
  102  6:48  Psionic Storm  
  102  6:49  Probe  
  103  7:00  Stalker x3  
  109  7:02  Pylon  
  109  7:04  Pylon  
  109  7:11  Immortal  
  113  7:16  Probe  
  113  7:19  High Templar  
  113  7:22  High Templar  
  118  7:23  Pylon  
  118  7:25  Photon Cannon  
  118  7:26  Shield Battery  
  118  7:32  High Templar  
  118  7:35  Zealot x2  
  118  7:36  Zealot x2  
  128  7:43  High Templar  
  130  7:44  Immortal  
  130  7:45  Protoss Ground Weapons Level 2  
  134  7:57  Pylon  
  134  7:58  Robotics Facility  
  134  8:02  Pylon  
  134  8:06  Observer  
  134  8:07  Photon Cannon  
  134  8:08  Shield Battery  
  134  8:12  Photon Cannon  
  134  8:20  High Templar x2  
  134  8:21  Zealot x6  
  134  8:24  Immortal  
  154  8:45  High Templar  
  156  8:48  Pylon  
  156  8:50  Pylon  
  156  8:53  Immortal  
  156  8:54  Nexus, Pylon  
  154  8:58  Immortal  
  156  9:09  Photon Cannon  
  160  9:11  High Templar, Pylon  
  160  9:12  High Templar  
  164  9:18  Zealot  
  164  9:19  Zealot x3  
  170  9:30  Archon  
  170  9:36  Zealot  
  170  9:37  Zealot  
  166  9:42  Zealot  
  166  9:43  Zealot x3  
  174  9:51  Immortal x2  
  182  9:55  Photon Cannon  
  182  9:58  Stalker x2  
  186  10:04  Photon Cannon  
  184  10:10  Zealot x2  
  180  10:19  Zealot x3  
  180  10:26  Probe x2  
  180  10:28  Assimilator  
  180  10:31  Assimilator  
  180  10:33  Zealot x2  
  180  10:34  Zealot x2  
  178  10:37  High Templar  
  178  10:39  Probe x4  
  184  10:44  Observer x2  
  184  10:49  High Templar  
  188  10:50  High Templar x2  
  188  10:54  Archon  
  188  10:56  High Templar x3  
  198  11:07  Pylon  
  198  11:09  Photon Cannon  
  198  11:11  Photon Cannon  
  198  11:13  Photon Cannon  
  198  11:15  Zealot, Photon Cannon  
  198  11:23  High Templar  
  198  11:24  High Templar x3  
  200  11:28  Archon x2  
  197  11:54  Zealot x3  
  200  12:04  Pylon  
  200  12:06  Protoss Ground Weapons Level 3  
  200  12:12  Nexus  
  186  12:23  Zealot x3  
  186  12:24  Zealot x4  
  190  12:36  Fleet Beacon  
  190  12:39  Pylon  
  190  12:42  Observer x2, Stargate  
  192  12:44  Stargate  
  192  13:02  Protoss Air Weapons Level 1  
  192  13:03  Observer  
  193  13:14  Photon Cannon  
  193  13:15  Photon Cannon  
  193  13:16  Photon Cannon  
  193  13:17  Photon Cannon  
  193  13:26  Zealot x3  
  199  13:40  Assimilator  
  197  13:45  Assimilator  
  194  13:54  Archon  
  159  13:57  Carrier  
  159  13:58  Zealot, Carrier x2  
  159  13:59  Zealot x7  
  171  14:03  Immortal x2  
  197  14:25  Zealot  
  197  14:35  High Templar  
  191  14:56  Void Ray x2  
  191  14:58  Void Ray  
  185  15:13  Zealot  
  185  15:14  Zealot x7  
  195  15:16  Warp Prism  
  178  15:56  Void Ray x3  
  186  16:07  High Templar x8  
  186  16:10  Nexus  
  194  16:14  Archon x3  
  194  16:16  Protoss Air Weapons Level 2  
  185  16:21  Cybernetics Core  
  185  16:23  Pylon  
  181  16:26  Assimilator  
  181  16:30  Assimilator  
  181  16:39  Carrier  
  187  16:45  Protoss Shields Level 1  
  187  16:52  Zealot x6  
  184  17:24  Photon Cannon  
  184  17:25  Photon Cannon  
  184  17:26  Photon Cannon, Shield Battery, Carrier x2  
  184  17:29  Photon Cannon  
  195  17:30  Shield Battery  
  195  17:43  Zealot, Protoss Air Armor Level 1  
  195  17:44  Zealot  
  199  18:01  Observer  
  199  18:03  Nexus  
  199  18:04  Pylon  
  200  18:24  Photon Cannon  
  200  18:25  Photon Cannon  
  200  18:26  Photon Cannon  
  200  18:27  Stargate  
  200  18:28  Photon Cannon  
  200  18:29  Shield Battery  
  200  18:31  Shield Battery  
  200  18:33  Protoss Air Weapons Level 3, Shield Battery  
  200  18:34  Stargate, Shield Battery  
  200  18:36  Shield Battery  
  200  18:38  Stargate  
  198  18:48  Zealot x4  
  191  19:05  Carrier  
  197  19:19  Carrier  
  187  19:33  Carrier x2  
  187  19:34  Carrier x2  
  171  19:39  Assimilator  
  171  19:40  Observer  
  171  19:41  Observer, Assimilator  
  193  19:46  Photon Cannon  
  193  19:47  Zealot x2, Photon Cannon  
  193  19:48  Zealot, Protoss Shields Level 2  
  193  19:49  Pylon  
  193  19:50  Protoss Air Armor Level 2  
  197  20:20  Observer  
  191  20:38  Oracle  
  194  20:43  Warp Prism  
  194  21:01  Carrier  
  198  21:07  Zealot, Nexus  
  174  21:49  Carrier x3  
  192  21:58  Zealot x4  
  200  22:06  Dark Shrine  
  200  22:18  Protoss Shields Level 3  
  200  22:19  Protoss Air Armor Level 3  
  179  22:48  Zealot x6  
  179  22:49  Zealot  
  193  22:52  Oracle  
  196  23:11  Zealot x5  
  196  23:12  Zealot x3  
  197  23:15  Carrier x2  
  197  23:16  Carrier  
  197  23:18  Assimilator  
  199  23:21  Assimilator  
  199  23:25  Pylon  
  198  23:48  Observer x2  
  200  24:06  High Templar x3  
  194  24:18  High Templar  
  194  24:35  Photon Cannon  
  194  24:37  Photon Cannon  
  194  24:39  Zealot, Photon Cannon  
  194  24:40  Zealot x2, Photon Cannon  
  194  24:42  Photon Cannon  
  194  24:43  Photon Cannon  
  200  24:48  Photon Cannon  
  200  24:50  Photon Cannon  
  200  24:52  Shield Battery  
  192  24:56  Photon Cannon  
  192  24:57  Pylon  
  192  24:59  Dark Templar x4  
  189  25:19  Oracle  
  189  25:20  Mothership  
  197  25:23  Zealot  
  197  25:24  Protoss Ground Armor Level 1  
  187  25:50  Zealot  
  187  25:51  Zealot x5  
  197  26:08  Oracle  
  200  26:46  Warp Prism x2  
  192  27:05  Zealot x4  
  200  27:26  Protoss Ground Armor Level 2  
  192  28:08  Dark Templar x4  
  191  28:55  Photon Cannon  
  191  28:56  Photon Cannon, Blink  
  191  28:57  Photon Cannon  
  191  29:10  Zealot x4  
  191  29:13  Gateway  
  191  29:14  Gateway  
  191  29:15  Gateway  
  199  29:18  Gateway  
  199  29:19  Gateway  
  199  29:21  Gateway  
  191  29:25  Gateway  
  191  29:29  Zealot x4  
  191  29:34  Zealot  
  191  29:35  Zealot x3  
  195  30:00  High Templar x2  
  199  30:21  Zealot x6  
  182  31:16  Oracle  
  183  31:21  Protoss Ground Armor Level 3  
  183  31:23  Zealot x8  
  199  31:49  Zealot  
  199  31:50  Zealot  
  199  31:54  Oracle  
  194  31:58  Zealot x5  
  194  32:08  Zealot  
  196  32:16  Nexus  
  196  32:21  Pylon  
  174  32:33  Zealot x8  
  170  32:48  Carrier  
  170  32:49  Carrier  
  174  32:54  Zealot x8  
  174  33:22  Zealot x6  
  174  33:23  Zealot x2  
  188  33:29  Photon Cannon  
  188  33:31  Photon Cannon  
  188  33:32  Photon Cannon  
  188  33:33  Assimilator  
  176  33:35  Assimilator, Shield Battery  
  176  33:39  Shield Battery  
  169  33:44  Shield Battery  
  169  33:50  Zealot x8  
  169  34:44  Probe  
  169  34:45  Probe x5  
  175  35:07  Nexus  
  175  35:10  Zealot x8, Pylon  
  179  35:44  Assimilator  
  179  35:45  Zealot x8  
  179  35:49  Assimilator  
  195  35:52  Observer x2  
  172  36:47  Carrier  
  168  36:55  High Templar x4  
  168  36:58  Carrier  
  200  37:03  Oracle  
  200  37:04  Oracle  
  200  37:16  Photon Cannon x3  
  200  37:17  Dark Templar x3  
  161  38:28  Zealot  
  161  38:29  Zealot x7  
  155  38:55  High Templar x6  
  157  38:56  High Templar x2  
  157  39:00  Archon x2  
  156  39:36  Stalker x8  
  93  40:00  Dark Templar x8  
  87  40:08  Void Ray x6  
  81  40:27  Archon x4  
  81  40:34  Stalker x8  
  97  40:59  High Templar x8  
  113  41:07  Archon  
  113  41:08  Archon  
  113  41:09  Observer  
  114  41:27  High Templar x8  
  130  41:33  Archon x2  
  130  41:34  Archon x2  
  130  41:35  Observer  
  131  42:02  High Templar x8  
  147  42:09  Archon x3  
  147  42:10  Archon  
  141  42:53  High Templar x6  
  141  42:54  High Templar x2  
  141  42:57  Archon x2  
  141  42:58  Archon x2  
  157  43:09  Observer x2  
  120  43:33  Stalker x7  
  131  44:00  Stalker x3, Zealot x3  
  131  44:01  Zealot  
Tags
 
Add a new tag
Caveats
  • Supply blocks, unpowered buildings, or Contaminate may cause inaccurate times.
  • Supply counts are checked every 10 seconds.